 Dungeon Crawl Stone Soup version bcrawl-1.21.3-16-g7f46a08de7 (webtiles) character file.

Game seed: 16261005704050275216

93 Anathary the Slasher (level 4, -3/27 HPs)
             Began as a Vine Stalker Fighter on May 4, 2020.
             Slain by a hound (4 damage)
             ... on level 4 of the Dungeon.
             The game lasted 00:06:17 (2832 turns).

Anathary the Slasher (Vine Stalker Fighter)         Turns: 2832, Time: 00:06:17

Health: -3/27      AC:  8    Str: 19    XL:     4   Next: 62%
Magic:  5/5        EV:  7    Int: 11    God:
Gold:   167        SH: 10    Dex: 14    Spells: 3/3 levels left

rFire    . . .     SeeInvis .   a - +0 long sword
rCold    . . .     Gourm    .   c - +0 medium shield
rNeg     . . .     Faith    .   b - +0 scale mail
rPois    .         Spirit   .   t - +2 hat {Int+3}
rElec    .         Reflect  .   (no cloak)
rCorr    .         Harm     .   (no gloves)
MR       .....                  (no boots)
Stlth    ..........             (no amulet)
HPRegen  0.49/turn              (no ring)
MPRegen  0.09/turn              (no ring)

@: no status effects
A: fangs 2, regeneration 1, no potion heal 3, rot immunity, strong jaws
a: no special abilities


You were on level 4 of the Dungeon.
You were not hungry.

You visited 1 branch of the dungeon, and saw 4 of its levels.

You collected 167 gold pieces.

Inventory:

Hand Weapons
 a - a +0 long sword (weapon)
Armour
 b - a +0 scale mail (worn)
 c - a +0 medium shield (worn)
 t - a +2 hat of intelligence (worn)
Wands
 s - a wand of random effects (11)
Scrolls
 f - a scroll of fog {unknown}
 g - 7 scrolls of identify {unknown}
 h - 2 scrolls of blinking {unknown}
 i - a scroll of magic mapping {unknown}
 k - 3 scrolls of teleportation {unknown}
 m - a scroll of remove curse {unknown}
 r - a scroll of amnesia {unknown}
Potions
 d - 2 potions of might
 j - a potion of curing {unknown}
 l - a potion of haste {unknown}
 n - a potion of invisibility {unknown}
 o - a potion of berserk rage {unknown}
 p - 2 potions of heal wounds {unknown}
 q - a potion of degeneration {unknown}
Comestibles
 e - a ration {!d}


   Skills:
 + Level 2.6 Fighting
 + Level 4.2 Long Blades
 - Level 2.4 Armour
 + Level 0.1 Dodging
 - Level 2.6 Shields


You had 3 spell levels left.
You didn't know any spells.
Your spell library was empty.

Dungeon Overview and Level Annotations

Branches:
Dungeon (4/12)
 Temple: D:4-7

Altars:


Innate Abilities, Weirdness & Mutations

You have extremely sharp teeth.
Your natural rate of healing is unusually fast.
Potions cannot restore your health.
You are immune to rotting.
Your bites deal extra damage.


Message History

* * * LOW HITPOINT WARNING * * *
Something hits you but does no damage. You block the orc wizard's attack.
The hound barely misses you. x2; Something hits you but does no damage.
The orc wizard gestures at you while chanting.
The puff of flame hits you but does no damage.
The orc hits you from afar with a cursed +0 trident.
* * * LOW HITPOINT WARNING * * *
The hound bites you but does no damage.
You closely miss the hound. Your bite misses the hound.
The hound is severely wounded.
You block the hound's attack. Something hits you but does no damage.
The orc wizard hits you with a +0 dagger.
* * * LOW HITPOINT WARNING * * *
The hound bites you but does no damage.
The hound stops to sniff the ground.
The hound bites you but does no damage. You block the orc's attack.
Something hits you but does no damage.
The orc wizard hits you but does no damage.
The hound bites you.
You die...

........###....
.............# .
....#........#..
###..=##..........
#.................
.... ##...<.......
#...#............
##.......#.#####..
.......@{#.#
......hho#..
.......o...#.
..........####
....##....# ....
.....#
............#..
..h.......####.
..<......


You could see 2 hounds, an orc wizard and an orc.

Vanquished Creatures
  2 oozes (D:3)
  2 worms (D:3)
  A dart slug (D:2)
  A leopard gecko (D:1)
  2 orcs (D:3)
  2 ball pythons (D:1)
  4 bats
  8 giant cockroaches
  10 hobgoblins
  11 jackals
  5 kobolds
  A quokka (D:2)
  4 frilled lizards
  7 goblins
  3 rats
63 creatures vanquished.

Notes
Turn   | Place    | Note
-------+----------+-------------------------------------------
     0 | D:1      | Anathary the Vine Stalker Fighter began the quest for the
                  | Orb.
     0 | D:1      | Reached XP level 1. HP: 13/13 MP: 2/2
    47 | D:1      | Reached skill level 2 in Long Blades
   100 | D:1      | Reached XP level 2. HP: 14/18 MP: 3/3
   332 | D:1      | Reached skill level 3 in Long Blades
   435 | D:1      | Reached XP level 3. HP: 18/22 MP: 4/4
  1621 | D:2      | Reached XP level 4. HP: 27/27 MP: 5/5
  2006 | D:3      | Reached skill level 4 in Long Blades
  2796 | D:4      | Noticed a sky beast
  2832 | D:4      | HP: 1/27 [orc wizard/+0 dagger (1)]
  2832 | D:4      | Slain by a hound

Skill      XL: |  1  2  3  4 |
---------------+-------------+-----
Long Blades    | 2 3 4 |  4.2
Fighting       | |  2.6
Armour         | |  2.4
Dodging        | |  0.1
Shields        | |  2.6

Action                   |  1- 3 |  4- 6 || total
-------------------------+-------+-------++-------
Melee: Long sword        |   158 |    72 ||   230
       Bite              |    10 |     6 ||    16
  Eat: Ration            |     1 |     1 ||     2
Armor: Scale mail        |    55 |    32 ||    87
Dodge: Dodged            |    58 |    28 ||    86
Block: Medium shield     |    77 |    49 ||   126
